Map: Dragon Scales LE

Players

DDAY - Winner!

  • Race: Protoss Protoss
  • League: Diamond
  • Spawn Location: 11:00

LungSmalls

  • Race: Protoss Protoss
  • League: Diamond
  • Spawn Location: 5:00

VOD

Have the link to the VOD?

Description

Time

  • Played on: Sept. 19, 2023, 7:12 a.m.
  • Length: 6:35
Show
View Real Time Build Order
Export as new Build Order

DDAY Protoss - Winner!

Build Orders:  

Get SALT Encoding   

  12  0:00  Probe (Chrono Boost)  
  13  0:10  Probe (Chrono Boost)  
  14  0:15  Probe (Chrono Boost)  
  15  0:22  Pylon  
  15  0:42  Gateway  
  15  0:43  Gateway  
  15  0:49  Probe  
  16  1:01  Assimilator, Probe  
  17  1:04  Assimilator  
  17  1:13  Probe  
  17  1:17  Pylon  
  18  1:25  Probe  
  18  1:30  Cybernetics Core  
  19  1:37  Probe  
  20  1:45  Pylon  
  20  1:50  Probe  
  21  2:03  Pylon x2  
  21  2:06  Adept (Chrono Boost)  
  23  2:10  Adept (Chrono Boost)  
  25  2:16  Warp Gate (Chrono Boost)  
  25  2:20  Probe  
  26  2:32  Probe  
  27  2:44  Probe, Pylon  
  27  2:48  Gateway  
  28  2:57  Gateway  
  28  3:00  Sentry  
  26  3:54  Shield Battery  
  26  4:01  Adept  
  26  4:02  Adept x3  
  34  4:05  Probe  
  35  4:18  Nexus  
  35  4:22  Adept x3  
  41  4:24  Sentry  
  39  4:47  Stalker x2  
  39  4:49  Zealot  
  39  4:50  Sentry  
  47  5:10  Zealot x3  
  53  5:17  Zealot  
  55  5:31  Zealot x2  
  57  5:50  Zealot x2  
  57  6:00  Stalker x2  
  57  6:06  Probe x2  
  57  6:10  Zealot  
  59  6:18  Probe  
  60  6:19  Zealot  
Show
View Real Time Build Order
Export as new Build Order

LungSmalls Protoss 

Build Orders: 1 Gate Expand 

Get SALT Encoding   

  12  0:00  Probe  
  13  0:13  Probe  
  14  0:18  Pylon  
  14  0:25  Probe  
  15  0:37  Probe (Chrono Boost)  
  15  0:41  Gateway  
  16  0:49  Probe (Chrono Boost)  
  17  0:50  Assimilator  
  17  0:55  Probe (Chrono Boost)  
  18  1:04  Probe  
  19  1:16  Probe  
  20  1:28  Probe  
  21  1:37  Nexus  
  21  1:44  Probe  
  21  1:45  Cybernetics Core  
  22  1:57  Pylon  
  22  2:01  Assimilator  
  22  2:02  Probe  
  23  2:17  Gateway  
  23  2:20  Stalker (Chrono Boost)  
  23  2:24  Warp Gate  
  25  2:32  Gateway  
  25  2:38  Probe  
  26  2:50  Probe  
  27  2:51  Robotics Facility  
  27  3:01  Shield Battery  
  27  3:04  Stalker (Chrono Boost)  
  31  3:12  Stalker (Chrono Boost)  
  27  3:39  Probe x2  
  26  3:51  Probe x2  
  28  4:04  Observer  
  28  4:06  Probe x2  
  31  4:18  Probe x2  
  33  4:30  Probe x2  
  26  4:42  Probe x2  
  27  4:52  Stalker, Pylon  
  29  4:54  Probe  
  29  4:58  Stalker  
  30  5:12  Shield Battery  
  29  5:15  Shield Battery  
  29  5:23  Zealot  
  29  5:24  Zealot  
  22  6:12  Zealot  
  22  6:13  Zealot  
Tags
 
Add a new tag
Caveats
  • Supply blocks, unpowered buildings, or Contaminate may cause inaccurate times.
  • Supply counts are checked every 10 seconds.